 Dungeon Crawl Stone Soup version 0.28.0 (webtiles) character file.

Game seed: 14041354797494551236

49 rovamarkku the Skirmisher (level 3, 0/33 HPs)
             Began as a Draconian Berserker on Feb 5, 2022.
             Was a Believer of Trog.
             Slain by Terence (9 damage)
             ... on level 2 of the Dungeon.
             The game lasted 00:04:21 (1403 turns).

rovamarkku the Skirmisher (Draconian Berserker)     Turns: 1403, Time: 00:04:22

Health: 0/33       AC:  5    Str: 21    XL:     3   Next: 51%
Magic:  3/3        EV: 12    Int:  7    God:    Trog [**....]
Gold:   46         SH:  0    Dex: 10    Spells: 2/2 levels left

rFire   . . .      SeeInvis .   a - +0 mace
rCold   . . .      Faith    .   (no shield)
rNeg    . . .      Spirit   .   (armour unavailable)
rPois   .          Reflect  .   (helmet restricted)
rElec   .          Harm     .   (no cloak)
rCorr   .          Rampage  .   (no gloves)
Will    .....                   (no boots)
Stlth   +.........              (no amulet)
HPRegen 0.11/turn               (no ring)
MPRegen 0.08/turn               (no ring)

@: no status effects
A: AC +5, unfitting armour, cold-blooded
a: Renounce Religion, Berserk, Trog's Hand


You were on level 2 of the Dungeon.
You worshipped Trog.
Trog was pleased with you.
You visited 1 branch of the dungeon, and saw 2 of its levels.

You collected 46 gold pieces.

Inventory:

Hand Weapons
 a - a +0 mace (weapon)
Scrolls
 c - a scroll of enchant armour {unknown}
 d - a scroll of identify {unknown}
 f - a scroll of immolation {unknown}
Potions
 b - a potion of brilliance {unknown}
 e - a potion of mutation {unknown}


   Skills:
 + Level 3.8 Fighting
 + Level 3.5 Maces & Flails
 + Level 3.1 Dodging
 + Level 0.9 Stealth


You had 2 spell levels left.
You didn't know any spells.
Your spell library was empty.

Dungeon Overview and Level Annotations

Branches:
Dungeon (2/15)

Altars:

Annotations:
D:2 Terence


Innate Abilities, Weirdness & Mutations

Your plain brown scales are hard. (AC +5)
You cannot fit into any form of body armour.
You are cold-blooded and may be slowed by cold attacks.


Message History

You kill the jackal!
Trog accepts your kill.
Things that are here:
a jackal corpse; a jackal corpse You see here a staff of air.
You see here a +0 whip.
You open the door.
There is an open door here.
Found a leather armour.
Found a club.
Terence the Incautious comes into view.
He is wielding a +2 flail of protection and wearing a +3 chain mail of poison resistance.
Terence shouts!
Terence hits you with a +2 flail of protection.
You sock Terence!
Terence is moderately wounded.
Terence hits you with a +2 flail of protection.
You barely miss Terence.
You tail-slap Terence, but do no damage.
Terence is moderately wounded.
Terence closely misses you.
You hit Terence but do no damage.
You tail-slap Terence, but do no damage.
Terence is moderately wounded.
Terence closely misses you.
Terence asks, "Do you want it fast or slow?"
Terence hits you with a +2 flail of protection!
You hit Terence.
Terence is heavily wounded.
Terence hits you with a +2 flail of protection.
You hit Terence.
Terence is almost dead.
Terence hits you with a +2 flail of protection!
* * * LOW HITPOINT WARNING * * *
You hit Terence but do no damage.
Terence is almost dead.
Terence closely misses you.
You hit Terence but do no damage.
Terence is almost dead.
Terence hits you with a +2 flail of protection!
You die...

#....#
#....############
#....'..........#
#....##########.#
#....# #.# #....#
#.# #....# #.#
#....# #.# ###+##
#@# ......[@....+
...####)##### #.#
... #.# #.. ###


You could see Terence.

Vanquished Creatures
  An adder (D:2)
  A worm (D:2)
  A dart slug (D:1)
  2 endoplasms
  A giant cockroach (D:2)
  4 goblins
  3 hobgoblins (D:1)
  4 jackals (D:2)
  4 kobolds
  2 quokkas
  6 ball pythons
  2 rats
31 creatures vanquished.

Notes
Turn   | Place    | Note
-------+----------+-------------------------------------------
     0 | D:1      | rovamarkku the Draconian Berserker began the quest for the
                  | Orb.
     0 | D:1      | Reached XP level 1. HP: 19/19 MP: 1/1
    25 | D:1      | Found a faded altar of an unknown god.
   137 | D:1      | Reached XP level 2. HP: 24/26 MP: 2/2
  1111 | D:2      | Reached XP level 3. HP: 33/33 MP: 3/3
  1141 | D:2      | Reached ** piety under Trog
  1393 | D:2      | Noticed Terence
  1403 | D:2      | Slain by Terence

Illustrated notes

Levels and vault maps discovered:
D:1:      amcnicky_arrival_wind_blow, layout_loops_ring,
          nicolae_ecumenical_lake_church, hangedman_decor_clover_reticule
D:2:      layout_basic, uniq_terence

Skill      XL: |  1  2 |
---------------+-------+-----
Dodging        | 3 |  3.1
Fighting       | |  3.8
Maces & Flails | |  3.5
Stealth        | |  0.9

Action                   || total
-------------------------++-------
Melee: Mace              ||   103
       Tailslap          ||    11
       Punch             ||     3
Armor: Skin              ||    36
Dodge: Dodged            ||    76
